 Dungeon Crawl Stone Soup version 0.25.1-2-g60ff931df9 (webtiles) character file.

Game seed: 13123431033122903257

29062 KamiKatze the Destroyer (level 12, -5/100 HPs)
             Began as a Demigod Conjurer on Nov 8, 2020.
             Slain by a queen ant (13 damage)
             ... on level 2 of the Lair of Beasts on Nov 9, 2020.
             The game lasted 02:10:44 (19011 turns).

KamiKatze the Destroyer (Demigod Conjurer)         Turns: 19011, Time: 02:10:44

Health: -5/100     AC:  7    Str: 15    XL:     12   Next: 80%
Magic:  7/28       EV: 20    Int: 27    God:
Gold:   1067       SH:  0    Dex: 28    Spells: 5/27 levels left

rFire    + . .     SeeInvis .   T - staff of air
rCold    + . .     Gourm    .   (no shield)
rNeg     . . .     Faith    .   v - +1 robe {rC+ rF+}
rPois    .         Spirit   .   (no helmet)
rElec    +         Reflect  .   m - +1 cloak
rCorr    .         Harm     .   X - +0 pair of gloves
MR       +++..                  G - +0 pair of boots
Stlth    ++++......             U - amulet of regeneration
HPRegen  0.66/turn              K - ring "Pegon" {rElec MR++ Str+4 Dex+6}
MPRegen  0.21/turn              x - +6 ring of dexterity

@: invisible
A: high mp 1, MP-powered wands
a: no special abilities


You were on level 2 of the Lair of Beasts.
You were not hungry.

You visited 3 branches of the dungeon, and saw 16 of its levels.
You also visited: Sewer.

You collected 1153 gold pieces.
You spent 86 gold pieces at shops.

Inventory:

Hand Weapons
 S - a +0 war axe of flaming
Missiles
 f - 8 boomerangs
 h - 461 stones
 t - 5 datura-tipped darts
 z - a throwing net
 H - 45 poisoned darts (quivered)
 L - 5 curare-tipped darts
Armour
 m - a +1 cloak (worn)
 v - a +1 robe of resistance (worn)
 G - a +0 pair of boots (worn)
 X - a +0 pair of gloves (worn)
Magical Staves
 T - an uncursed staff of air (weapon)
Jewellery
 s - an uncursed ring of flight
 x - a +6 ring of dexterity (right hand)
 A - an uncursed ring of ice
 C - an uncursed ring of positive energy
 I - an uncursed ring of magical power {unknown}
 K - the ring "Pegon" (left hand) {rElec MR++ Str+4 Dex+6}
   (You found it on level 4 of the Lair of Beasts)

   [ring of dexterity]

   It affects your strength (+4).
   It affects your dexterity (+6).
   It insulates you from electricity.
   It affects your resistance to hostile enchantments.
 P - an uncursed ring of positive energy
 U - an amulet of regeneration (around neck)
 Y - an uncursed ring of ice
Wands
 e - a wand of digging (6)
 y - a wand of polymorph (5)
 O - a wand of enslavement (10)
 R - a wand of flame (15)
 Z - a wand of acid (12)
Scrolls
 i - 5 scrolls of teleportation
 j - 4 scrolls of fear
 k - a scroll of enchant weapon
 p - 7 scrolls of immolation
 w - 3 scrolls of remove curse
 V - a scroll of identify
Potions
 d - 4 potions of stabbing
 l - 3 potions of berserk rage
 n - 2 potions of flight
 o - 2 potions of might
 q - 2 potions of cancellation
 B - a potion of mutation
 E - a potion of invisibility
 F - 2 potions of haste
 J - 3 potions of ambrosia
 M - 2 potions of lignification
 N - 2 potions of brilliance
 Q - a potion of magic
Miscellaneous
 a - a box of beasts
 g - a phial of floods
 r - a phantom mirror
Comestibles
 c - 22 rations
 D - 6 chunks of flesh


   Skills:
 + Level 7.6 Fighting
 + Level 7.9 Dodging
 - Level 5.0 Stealth
 * Level 8.1 Spellcasting
 * Level 11.5 Conjurations
 - Level 6.0 Hexes
 - Level 4.8 Translocations
 * Level 5.7 Earth Magic
 - Level 2.0 Evocations


You had 5 spell levels left.
You knew the following spells:

 Your Spells              Type           Power        Failure   Level  Hunger
a - Magic Dart            Conj           ####         1%          1    None
b - Searing Ray           Conj           ######       1%          2    None
c - Iron Shot             Conj/Erth      ######....   22%         6    ######.
d - Fulminant Prism       Conj/Hex       ######....   1%          4    ##.....
e - Iskenderun's Mystic   Conj/Tloc      ######..     1%          4    ##.....
f - Tukima's Dance        Hex            #####...     1%          3    None
g - Blink                 Tloc           N/A          1%          2    None

Your spell library contained the following spells:

 Spells                   Type           Power        Failure   Level  Hunger
 Corona                   Hex            #####..      1%          1    None
 Slow                     Hex            #####...     1%          2    None
 Confusing Touch          Hex            #####...     1%          3    None
 Conjure Flame            Conj/Fire      #####...     1%          3    None
 Dazzling Flash           Conj/Hex       ######       1%          3    None
 Ensorcelled Hibernation  Hex/Ice        ####..       2%          2    None
 Mephitic Cloud           Conj/Pois/Air  #####...     3%          3    None
 Cause Fear               Hex            #####.....   4%          4    ##.....
 Call Imp                 Summ           ##......     8%          2    None
 Bolt of Magma            Conj/Fire/Erth #####.....   14%         5    ####...
 Iskenderun's Battlesphe  Conj/Chrm      #####...     14%         5    ####...
 Silence                  Hex/Air        #####.....   38%         5    ####...
 Yara's Violent Unravell  Hex/Tmut       ####......   38%         5    ####...
 Orb of Destruction       Conj           ######....   36%         7    #######
 Spellforged Servitor     Conj/Summ      #####.....   99%         7    #######
 Discord                  Hex            #####.....   100%        8    #######


Dungeon Overview and Level Annotations

Branches:
Dungeon (11/15)            Temple (1/1) D:5            Lair (4/6) D:10
 Shoals (0/4) Lair:3        Snake (0/4) Lair:2          Orc (0/2) D:9
  Sewer (visited)

Shops:
D:9 [!


Innate Abilities, Weirdness & Mutations

You have an increased reservoir of magic. (+10% MP)
You expend magic power (3 MP) to strengthen your wands.


Message History

You are lethally poisoned!
The queen ant poisons you!
* * * LOW HITPOINT WARNING * * *
You feel very sick.
* * * LOW HITPOINT WARNING * * *
You feel very sick.
You feel better. The queen ant closely misses you.
As you read the scroll of fear, it crumbles to dust.
You assume a fearsome visage.
The queen ant resists with some effort.
The queen ant stings you!
* * * LOW HITPOINT WARNING * * *
You are lethally poisoned!
The queen ant poisons you!
* * * LOW HITPOINT WARNING * * *
You feel very sick.
You feel better. The queen ant misses you.
Okay, then.
You fade into invisibility!
The queen ant stings you!
You die...

#..##P.#.####..## #.
#...#..##.#.#...################.
#..###..##..>.................##.
##÷##......#P...#################
##.###.....###.>.# #
#P.......P..#....#
##..............### ###
####..|...#.##a#.#### ####≈#
##.......##.@#.#.#####P#≈≈###
##........##..........≈≈≈≈≈≈≈≈
##.........####..≈≈≈≈≈≈≈≈≈≈≈≈≈≈
#.#......<.# ##≈P≈≈≈≈≈≈≈≈≈≈≈≈≈
###........# #≈≈≈≈≈≈≈≈≈≈≈≈≈≈≈≈
#.#...P#.####≈≈≈≈≈≈≈≈≈≈.≈P.≈≈
#.##..##....≈≈≈≈≈≈≈≈.......##
#.##.PPP.##≈≈≈≈≈≈≈###.....P.#
#........P##≈≈≈≈##..#.P.)....


You could see a queen ant.

Vanquished Creatures
  Kirke (Lair:3)
  2 entropy weavers (Lair:4)
  Fannar (D:11)
  Sonja (Lair:4)
  An ugly thing (D:10)
  4 oklob plants (Lair:2)
  4 merfolk sirens (Lair:3)
  A black mamba (Lair:4)
  6 spiny frogs
  3 komodo dragons
  9 blink frogs
  7 hippogriffs
  2 wraiths
  23 yaks
  7 hogs
  3 basilisks
  2 hungry ghosts (D:7)
  6 soldier ants (Lair:4)
  3 nagas (Lair:2)
  5 water moccasins
  11 porcupines
  8 black bears
  An ice beast (D:4)
  An eye of draining (D:10)
  2 sky beasts
  8 orc warriors
  8 ogres
  6 wolves
  10 crocodiles
  3 centaurs
  3 big kobolds
  13 bullfrogs
  2 scorpions
  10 wights
  A howler monkey (D:11)
  2 crimson imps
  A bullfrog zombie (D:8)
  5 hounds
  2 orc priests (D:3)
  5 iguanas
  Jessica (D:3)
  Terence (D:3)
  26 worker ants
  10 orc wizards
  A hound zombie (D:9)
  A hound skeleton (D:7)
  A howler monkey zombie (D:6)
  4 gnolls (D:3)
  5 river rats (Sewer)
  14 adders
  2 shadow imps
  2 adder skeletons
  A worm (D:2)
  A dart slug (D:3)
  8 leopard geckos
  37 orcs
  5 giant cockroaches
  3 goblins
  9 hobgoblins
  16 jackals
  7 quokkas
  5 ball pythons (Sewer)
  6 bats
  10 frilled lizards
  A jackal skeleton (D:7)
  26 kobolds
  2 leopard gecko skeletons (D:4)
  17 rats
  6 fungi
  2 plants
423 creatures vanquished.

Vanquished Creatures (others)
  109 fulminant prisms
  12 fungi
  11 plants
132 creatures vanquished.

Grand Total: 555 creatures vanquished

Notes
Turn   | Place    | Note
-------+----------+-------------------------------------------
     0 | D:1      | KamiKatze the Demigod Conjurer began the quest for the Orb.
     0 | D:1      | Reached XP level 1. HP: 14/14 MP: 5/5
   279 | D:1      | Reached XP level 2. HP: 22/22 MP: 2/7
   283 | D:1      | Learned a level 2 spell: Searing Ray
   811 | D:2      | Reached skill level 4 in Conjurations
   880 | D:2      | Reached skill level 1 in Fighting
   880 | D:2      | Reached XP level 3. HP: 28/28 MP: 1/8
  1156 | D:3      | Learned a level 3 spell: Dazzling Flash
  1632 | D:3      | Reached XP level 4. HP: 31/35 MP: 5/10
  2055 | D:3      | Reached skill level 1 in Hexes
  2055 | D:3      | Reached XP level 5. HP: 41/41 MP: 6/11
  2195 | D:3      | Noticed Jessica
  2275 | D:3      | Noticed Terence
  2288 | D:3      | Killed Terence
  2532 | D:3      | Killed Jessica
  2861 | D:4      | Noticed an ogre
  2896 | D:4      | Reached skill level 5 in Conjurations
  2972 | D:4      | Noticed an ogre
  2983 | D:4      | Killed an ogre
  2983 | D:4      | Reached XP level 6. HP: 48/48 MP: 7/13
  3079 | D:4      | Learned a level 4 spell: Fulminant Prism
  3605 | D:4      | Reached XP level 7. HP: 56/56 MP: 8/15
  3660 | D:4      | Found a blossoming altar of Fedhas.
  3715 | D:5      | Entered Level 5 of the Dungeon
  3738 | D:5      | Found a staircase to the Ecumenical Temple.
  3747 | D:5      | Got a transparent mace
  3750 | Temple   | Entered the Ecumenical Temple
  4115 | D:5      | Found a white marble altar of Elyvilon.
  4353 | D:5      | Found a glowing drain.
  4374 | Sewer    | Entered a sewer
  4833 | D:5      | Reached skill level 6 in Conjurations
  5615 | D:6      | Reached XP level 8. HP: 58/63 MP: 12/17
  5698 | D:6      | Found a hazy altar of Hepliaklqana.
  5723 | D:7      | Found a shattered altar of Ashenzari.
  5723 | D:7      | Found an ancient bone altar of Kikubaaqudgha.
  5723 | D:7      | Found a glowing silver altar of Zin.
  5723 | D:7      | Found a glowing golden altar of the Shining One.
  5723 | D:7      | Found a basalt altar of Yredelemnul.
  5723 | D:7      | Found a shadowy altar of Dithmenos.
  6049 | D:7      | Learned a level 4 spell: Iskenderun's Mystic Blast
  6148 | D:7      | Noticed a hippogriff
  6230 | D:6      | Killed a hippogriff
  6230 | D:6      | Reached skill level 1 in Evocations
  6389 | D:7      | Reached skill level 1 in Translocations
  6389 | D:7      | Reached skill level 7 in Conjurations
  6431 | D:7      | Noticed a hippogriff
  6446 | D:7      | Killed a hippogriff
  6987 | D:8      | Reached XP level 9. HP: 71/71 MP: 14/19
  7653 | D:8      | Reached skill level 5 in Dodging
  8182 | D:9      | Found a staircase to the Orcish Mines.
  8202 | D:9      | Reached skill level 8 in Conjurations
  8430 | D:9      | Found Lucicadi's Armour Shoppe.
  8788 | D:9      | Found Puale's Distillery.
  8932 | D:9      | Reached skill level 5 in Spellcasting
  9104 | D:9      | Bought a potion of degeneration for 14 gold pieces
  9127 | D:9      | Reached skill level 5 in Fighting
  9628 | D:9      | Learned a level 3 spell: Tukima's Dance
  9637 | D:10     | Entered Level 10 of the Dungeon
  9776 | D:10     | Reached XP level 10. HP: 81/81 MP: 14/21
  9956 | D:10     | Noticed a two-headed ogre
  9962 | D:10     | Reached skill level 5 in Hexes
 10301 | D:10     | Noticed a brown ugly thing
 10322 | D:10     | Killed a brown ugly thing
 10322 | D:10     | Reached skill level 9 in Conjurations
 10536 | D:10     | Learned a level 2 spell: Blink
 10726 | D:10     | Found a staircase to the Lair.
 11055 | Lair:1   | Entered Level 1 of the Lair of Beasts
 11110 | D:9      | Bought a +0 pair of gloves for 72 gold pieces
 11373 | D:11     | Noticed Fannar
 11391 | D:11     | Killed Fannar
 12435 | Lair:1   | Found a shadowy altar of Dithmenos.
 12720 | D:10     | Reached XP level 11. HP: 55/89 MP: 3/23
 12911 | D:10     | Identified the +6 mace of Suegaf {drain, *Contam rC+ rN+}
                  | (You found it on level 5 of the Dungeon)
 12962 | D:10     | Gained mutation: You expend magic power (3 MP) to
                  | strengthen your wands. [mutagenic glow]
 14011 | Lair:2   | Found a basalt altar of Yredelemnul.
 14028 | Lair:2   | Found a staircase to the Snake Pit.
 14200 | Lair:2   | Reached skill level 10 in Conjurations
 14408 | Lair:2   | Learned a level 6 spell: Iron Shot
 14619 | Lair:2   | Reached skill level 1 in Earth Magic
 15933 | Lair:3   | Reached XP level 12. HP: 100/100 MP: 11/26
 16274 | Lair:3   | Found a staircase to the Shoals.
 16814 | Lair:4   | Noticed Sonja
 16824 | Lair:4   | Killed Sonja
 16824 | Lair:4   | Reached skill level 11 in Conjurations
 17354 | Lair:4   | Got a scintillating golden ring
 17371 | Lair:4   | Identified the ring "Pegon" {rElec MR++ Str+4 Dex+6} (You
                  | found it on level 4 of the Lair of Beasts)
 17607 | Lair:4   | Noticed Kirke
 17745 | Lair:4   | Reached skill level 5 in Earth Magic
 17808 | Lair:4   | Noticed a sphinx
 17830 | Lair:3   | Noticed a sphinx
 17954 | Lair:3   | Killed Kirke
 18318 | Lair:4   | Noticed an entropy weaver
 18532 | Lair:4   | Killed an entropy weaver
 18532 | Lair:4   | Reached skill level 5 in Stealth
 18536 | Lair:4   | Noticed an entropy weaver
 18603 | Lair:4   | Killed an entropy weaver
 19006 | Lair:2   | HP: 5/100 [poisoned by a queen ant]
 19009 | Lair:2   | HP: 2/100 [poisoned by a queen ant]
 19011 | Lair:2   | Slain by a queen ant

Illustrated notes

Levels and vault maps discovered:
D:1:      heliophobic_arrival_ceremonial_halls, layout_rooms
D:2:      layout_rooms, minmay_small_reverse_x
D:3:      layout_basic, kennysheep_generic_room_12, uniq_jessica, uniq_terence
D:4:      layout_loops_corners, fedhas_altar_1
D:5:      layout_basic, elyvilon_altar_1, minmay_temple_entry_offerings,
          portal_sewer_entry_f, first_ration
D:6:      layout_rooms, kennysheep_mini, serial_curves, eino_curves_03,
          eino_curves_01, eino_curves_01
D:7:      layout_loops_corners, grunt_temple_overflow_open,
          minmay_splitting_lines
D:8:      layout_loops_ring
D:9:      layout_loops_ring, orc_david_3, serial_shops, nicolae_shop_waterfront
D:10:     layout_basic, minmay_lair_entry_grove
D:11:     layout_basic, uniq_fannar
Temple:   minmay_temple_curvy_branch
Lair:1:   layout_hall_layers, basic_altar
Lair:2:   wander_river, layout_loops_ring, minmay_snake_entry_guardpost_small,
          basic_altar, chequers_serial_rivers_micro_b, minmay_lair_oklob_chamber
Lair:3:   layout_long_grid, elwin_shoals_entry_stream
Lair:4:   layout_misc_corridors, minmay_another_anthill, grunt_megastairs_4,
          uniq_sonja, uniq_kirke

Skill      XL: |  1  2  3  4  5  6  7  8  9 10 11 12 |
---------------+-------------------------------------+-----
Dodging        | 2 3 4 5 6 7 |  7.9
Spellcasting   | 2 3 4 5 7 8 |  8.1
Conjurations   | 4 5 6 7 8 9 10 11 | 11.5
Fighting       | 1 2 3 4 5 6 7 |  7.6
Hexes          | 1 2 3 4 5 6 |  6.0
Evocations     | 2 |  2.0
Translocations | 1 3 4 |  4.8
Stealth        | 3 4 5 |  5.0
Earth Magic    | 3 5 |  5.7

Action                   |  1- 3 |  4- 6 |  7- 9 | 10-12 || total
-------------------------+-------+-------+-------+-------++-------
Melee: Dagger            |    27 |    10 |    35 |     4 ||    76
       Staff             |       |       |       |    12 ||    12
Throw: Dart              |       |       |       |     4 ||     4
 Cast: Magic Dart        |    78 |    66 |   182 |   212 ||   538
       Searing Ray       |     3 |    19 |    67 |   113 ||   202
       Fulminant Prism   |       |       |     6 |   103 ||   109
       Dazzling Flash    |       |       |     4 |     3 ||     7
       Iskenderun's Myst |       |       |       |    36 ||    36
       Tukima's Dance    |       |       |       |     3 ||     3
       Iron Shot         |       |       |       |     1 ||     1
Evoke: Wand              |       |       |       |     3 ||     3
  Use: Scroll            |     3 |     6 |    13 |     9 ||    31
       Potion            |       |       |       |     6 ||     6
 Stab: Sleeping          |     3 |     1 |     3 |     1 ||     8
       Distracted        |     1 |       |       |       ||     1
  Eat: Chunk             |     3 |     7 |    20 |    36 ||    66
       Ration            |       |       |       |     1 ||     1
Armor: Robe              |    12 |     1 |    31 |    18 ||    62
Dodge: Dodged            |    38 |    13 |   128 |   206 ||   385
